 Dungeon Crawl Stone Soup version 0.20-a0-501-g0de2c2e (webtiles) character file.

1013 Jmtri7 the Nimble (level 7, -6/53 HPs)
             Began as a Demigod Gladiator on Jan 19, 2017.
             Mangled by a gnoll shaman
             ... wielding a +0 club
              (8 damage)
             ... on level 4 of the Dungeon.
             The game lasted 00:12:16 (5333 turns).

Jmtri7 the Nimble (Demigod Gladiator)               Turns: 5333, Time: 00:12:17

Health: -6/53      AC:  4    Str: 17    XL:     7   Next: 69%
Magic:  9/9        EV: 20    Int: 12    God:
Gold:   253        SH:  0    Dex: 21    Spells: 6/6 levels left

rFire    . . .     SeeInvis .   a - +0 long sword
rCold    . . .     Gourm    .   k - +0 robe
rNeg     . . .     Faith    .   (no shield)
rPois    .         Spirit   .   q - +1 helmet
rElec    .         Reflect  .   (no cloak)
rCorr    .         Harm     .   u - +0 pair of gloves
MR       .....     Clarity  +   (no boots)
Stlth    +.........             (no amulet)
Regen    0.2/turn               (no ring)
                                (no ring)

@: glowing
A: blurry vision 1, clarity, deformed body, high mp 1
a: no special abilities


You were on level 4 of the Dungeon.
You were hungry.

You visited 1 branch of the dungeon, and saw 6 of its levels.

You collected 253 gold pieces.

Inventory:

Hand Weapons
 a - a +0 long sword (weapon)
Missiles
 d - 3 throwing nets (quivered)
Armour
 k - a +0 robe (worn)
 q - a +1 helmet (worn)
 u - a +0 pair of gloves (worn)
Scrolls
 c - a scroll of amnesia
 i - 5 scrolls of identify
 j - 2 scrolls of remove curse
 m - 2 scrolls of teleportation
 r - 3 scrolls of noise {unknown}
 s - a scroll of magic mapping {unknown}
Potions
 e - a potion of curing
 h - a potion of heal wounds {unknown}
Comestibles
 b - 3 meat rations
 f - 3 bread rations
 g - a slice of pizza
 l - 8 fruits
 o - a royal jelly
 t - 6 chunks of flesh


   Skills:
 - Level 1.7 Fighting
 - Level 2.6 Long Blades
 - Level 1.7 Throwing
 + Level 9.0 Dodging


You had 6 spell levels left.
You didn't know any spells.

Dungeon Overview and Level Annotations

Branches:
Dungeon (6/15)
 Temple: D:4-7


Innate Abilities, Weirdness & Mutations

You have an increased reservoir of magic. (+10% MP)
Scrolls take you a little longer to read.
You possess an exceptional clarity of mind.
Armour fits poorly on your strangely shaped body.


Message History

The gnoll shaman is moderately wounded.
The gnoll shaman calls down the wrath of its god upon you.
You easily resist.
You closely miss the gnoll shaman.
The gnoll shaman is moderately wounded.
The gnoll shaman misses you.
You hit the gnoll shaman.
The gnoll shaman is heavily wounded.
The gnoll shaman completely misses you.
You riposte.
You hit the gnoll shaman.
The gnoll shaman is almost dead.
You barely miss the gnoll shaman.
The gnoll shaman is almost dead.
The gnoll shaman mumbles some strange prayers to its god against you.
You are outlined in light.
You hit the gnoll shaman.
The gnoll shaman is almost dead.
The gnoll shaman hits you with a club.
* * * LOW HITPOINT WARNING * * *
The gnoll shaman hits you with a club!
You die...

. . (#. ... #.#
... #.#
.######.####...
......g@.......
###############


You could see a gnoll shaman.

Vanquished Creatures
  Sigmund (D:3)
  A sky beast (D:5)
  A centaur (D:5)
  An ogre (D:3)
  2 crimson imps (D:5)
  2 hounds (D:5)
  An orc priest (D:5)
  A bullfrog skeleton (D:6)
  An orc wizard (D:5)
  Jessica (D:2)
  2 iguanas (D:5)
  Terence (D:1)
  A worker ant (D:5)
  A hound zombie (D:6)
  Robin (D:2)
  4 gnolls (D:5)
  10 adders
  A shadow imp (D:5)
  An ooze (D:5)
  2 worms
  4 dart slugs
  2 leopard geckos
  3 orcs
  4 ball pythons
  5 bats
  4 giant cockroaches
  12 goblins
  5 hobgoblins
  17 jackals
  3 kobolds (D:2)
  5 frilled lizards
  6 rats
106 creatures vanquished.

Notes
Turn   | Place    | Note
-------+----------+-------------------------------------------
     0 | D:1      | Jmtri7 the Demigod Gladiator began the quest for the Orb.
     0 | D:1      | Reached XP level 1. HP: 17/17 MP: 3/3
   274 | D:1      | Reached skill level 3 in Dodging
   443 | D:1      | Reached XP level 2. HP: 20/24 MP: 4/4
   548 | D:2      | Noticed Terence
   577 | D:1      | Killed Terence
   577 | D:1      | Reached skill level 4 in Dodging
   577 | D:1      | Reached XP level 3. HP: 13/29 MP: 5/5
   817 | D:2      | Noticed Jessica
   820 | D:2      | Killed Jessica
  1404 | D:2      | Reached XP level 4. HP: 33/36 MP: 6/6
  1442 | D:2      | Found a shadowy altar of Dithmenos.
  1459 | D:2      | Noticed Robin
  1741 | D:2      | Killed Robin
  1869 | D:2      | Reached skill level 5 in Dodging
  2641 | D:3      | Noticed an ogre
  2645 | D:3      | Killed an ogre
  2645 | D:3      | Reached XP level 5. HP: 29/41 MP: 7/7
  2659 | D:3      | Reached skill level 6 in Dodging
  3019 | D:3      | Noticed Sigmund
  3053 | D:3      | Killed Sigmund
  3053 | D:3      | Reached XP level 6. HP: 29/48 MP: 8/8
  3788 | D:4      | You fall through a shaft for 2 floors!
  3828 | D:6      | Reached skill level 7 in Dodging
  3881 | D:5      | Entered Level 5 of the Dungeon
  4468 | D:5      | Reached XP level 7. HP: 18/53 MP: 9/9
  4473 | D:5      | Gained mutation: Scrolls take you a little longer to read. [mutagenic meat]
  4474 | D:5      | Gained mutation: You possess an exceptional clarity of mind. [mutagenic meat]
  4475 | D:5      | Gained mutation: Armour fits poorly on your strangely shaped body. [mutagenic meat]
  4480 | D:5      | Reached skill level 8 in Dodging
  5273 | D:5      | Reached skill level 9 in Dodging
  5333 | D:4      | HP: 2/53 [gnoll shaman/club (2)]
  5333 | D:4      | Mangled by a gnoll shaman

Vault maps used:
D:1:      tarquinn_simple_flora_water_f, minmay_splitting_lines
D:2:      nicolae_overflow_hidden_temple, first_bread, uniq_terence,
          uniq_jessica, uniq_robin
D:3:      uniq_sigmund
D:4:      nicolae_tso_besieged_by_evil, minmay_misc_feat_square
D:5:      lemuel_castle_with_subvaults, grunt_tough_drop
D:6:      hangedman_abyss_or_decor_lesser_grid, grunt_dithmenos_smoke

Skill      XL: |  1  2  3  4  5  6  7 |
---------------+----------------------+-----
Dodging        | 3 4 5 6 7 9 |  9.0
Fighting       | |  1.7
Long Blades    | |  2.6
Throwing       | |  1.7

Action                   |  1- 3 |  4- 6 |  7- 9 || total
-------------------------+-------+-------+-------++-------
Melee: Long sword        |    69 |   181 |   102 ||   352
  Use: Potion            |     3 |     5 |       ||     8
       Scroll            |       |     5 |     1 ||     6
 Stab: Sleeping          |     2 |     2 |       ||     4
  Eat: Chunk             |       |    11 |     6 ||    17
Armor: Robe              |    12 |     1 |     9 ||    22
       Leather armour    |     2 |       |       ||     2
       Animal skin       |       |    34 |    11 ||    45
Dodge: Dodged            |    48 |   193 |   154 ||   395
       Rpst.: Long sword |    11 |    62 |    46 ||   119
